 Dungeon Crawl Stone Soup version 0.17-a0-1210-g1e4f09d (webtiles) character file.

27 SWAGNEMITE the Ruffian (level 2, -2/29 HPs)
             Began as a Troll Monk on June 3, 2015.
             Killed from afar by Terence (10 damage)
             ... with a wand of frost
             ... on level 2 of the Dungeon.
             The game lasted 00:02:01 (718 turns).

SWAGNEMITE the Ruffian (Troll Monk)                  Turns: 718, Time: 00:02:02

Health: -2/29      AC:  5    Str: 18    XL:     2   Next: 93%
Magic:  1/1        EV: 10    Int:  6    God:
Gold:   86         SH:  0    Dex: 12    Spells: 0 memorised, 1 level left

rFire  . . .     SeeInvis .       - Unarmed
rCold  . . .     Clarity  .     a - +0 robe
rNeg   . . .     SustAt   .     (no shield)
rPois  .         Gourm    +     (helmet restricted)
rElec  .         Spirit   .     (no cloak)
rCorr  .         Warding  .     (gloves unavailable)
rMut   .         Stasis   .     (boots unavailable)
MR     .....                    (no amulet)
Stlth  +.........               (no ring)
                                (no ring)

@: not resistant to hostile enchantments, very unstealthy
A: unfitting armour, claws 3, fast metabolism 3, gourmand, regeneration 2,
shaggy fur 1, tough skin 2
a: no special abilities


You were on level 2 of the Dungeon.
You were hungry.

You visited 1 branch of the dungeon, and saw 2 of its levels.

You collected 86 gold pieces.

Inventory:

Armour
 a - a +0 robe (worn)
Scrolls
 c - a scroll of fog {unknown}
 d - 2 scrolls of enchant armour {unknown}
 e - 2 scrolls of remove curse {unknown}
 g - a scroll of amnesia {unknown}
 h - 2 scrolls of identify {unknown}
 j - 2 scrolls of teleportation {unknown}
 o - a scroll of recharging {unknown}
Potions
 f - a potion of lignification {unknown}
 i - a potion of flight {unknown}
 k - a potion of might {unknown}
 m - 2 potions of brilliance {unknown}
 n - a potion of curing {unknown}
Comestibles
 b - 3 bread rations {@e1}
 l - a meat ration {@e2}


   Skills:
 + Level 2.7 Fighting
 + Level 2.7 Dodging
 - Level 1.1 Stealth
 * Level 4.3 Unarmed Combat


You had one spell level left.
You didn't know any spells.

Dungeon Overview and Level Annotations

Branches:
Dungeon (2/15)

Altars:

Annotations:
D:2 Ijyb, Terence


Innate Abilities, Weirdness & Mutations

You are too large for most types of armour.
You have claws for hands.
Your metabolism is lightning-fast.
You like to eat raw meat.
You heal very quickly.
You are covered in fur (AC +1).
You have very tough skin (AC +2).


Message History

No target in view!
No target in view!
No target in view!
No target in view!
Done exploring.
No target in view!
No target in view!
The kobold shouts!
The kobold throws a stone.
The stone hits you but does no damage.
You see here a stone.
The kobold throws a stone.
The stone closely misses you.
The kobold throws a stone.
The stone hits you but does no damage.
You see here a stone.
The kobold barely misses you.
You closely miss the kobold. The kobold hits you with a dagger.
You take 3 damage, and have 26/29 hp.
You miss the kobold. You scratch the kobold.
The kobold begins to bleed from its wounds!
The kobold hits you with a dagger.
You take 2 damage, and have 24/29 hp.
You claw the kobold!
You kill the kobold!
No target in view!
No target in view!
You see here a stone.
You see here a stone.
There is an open door here.
There is a stone staircase leading down here.
You climb downwards.
A worm comes into view.
There is a stone staircase leading up here.
A worm is nearby!
Health restored: 29 The helpless worm fails to defend itself.
You claw the worm! The worm misses you.
You claw the worm! You barely miss the worm. The worm bites you.
You take 2 damage, and have 27/29 hp.
A worm is nearby!
You scratch the worm but do no damage. You scratch the worm.
You kill the worm!
You see here a worm corpse.
o - a scroll labeled HUONIUCLIE Health restored: 29 You see here 21 bolts.
A bat comes into view.
The bat hits you. The bat closely misses you.
You take 1 damage, and have 28/29 hp.
You closely miss the bat. The bat hits you but does no damage.
The bat hits you but does no damage.
Health restored: 29 The bat closely misses you.
The bat closely misses you. The bat barely misses you.
You claw the bat!
You kill the bat!
No target in view!
No target in view!
You now have 86 gold pieces (gained 12).
You see here a bat corpse.
You are feeling hungry.
A bat comes into view.
Found 14 gold pieces.
Found a stone staircase leading down.
Terence the Incautious comes into view.
He is wielding a short sword.
The bat hits you but does no damage.
You claw the bat!
You kill the bat!
Terence shouts!
Ijyb the Twisted Goblin comes into view.
Terence zaps a wand.
The puff of frost hits you!
It is a wand of frost.
You take 9 damage, and have 20/29 hp.
MASSIVE DAMAGE!!
You see here a bat corpse.
You scratch Terence but do no damage. Terence hits you but does no damage.
You scratch Terence.
Terence begins to bleed from his wounds!
Terence zaps a wand.
The puff of frost hits you!
You take 4 damage, and have 19/29 hp.
You claw Terence!
Terence shouts, "DIE!!!"
Terence hits you with a short sword.
You take 1 damage, and have 18/29 hp.
You scratch Terence but do no damage. Terence looks scornfully at you.
Terence hits you with a short sword.
You take 4 damage, and have 14/29 hp.
You scratch Terence but do no damage. You barely miss Terence.
Terence zaps a wand.
The puff of frost hits you!
* * * LOW HITPOINT WARNING * * *
You take 6 damage, and have 8/29 hp.
MASSIVE DAMAGE!!
You scratch Terence but do no damage.
Terence zaps a wand.
The puff of frost hits you!
You die...

.....#. ....#.
....... ......
....... #....#
....... .....#
. ....g .....
....#..####..#
......@......#
######..##@..#
##>#@...##.#
#.#.......#
#.#...#####
#.#..## #.#..#
#$#..# #..#
#..##########
#...(.......#


You could see Terence (bleeding).

Vanquished Creatures
  A worm (D:2)
  3 hobgoblins (D:1)
  2 bats (D:2)
  2 giant newts (D:1)
  6 goblins (D:1)
  8 kobolds (D:1)
  2 rats (D:1)
24 creatures vanquished.

Notes
Turn   | Place    | Note
--------------------------------------------------------------
     0 | D:1      | SWAGNEMITE the Troll Monk began the quest for the Orb.
     0 | D:1      | Reached XP level 1. HP: 22/22 MP: 0/0
   223 | D:1      | Reached XP level 2. HP: 29/29 MP: 1/1
   700 | D:2      | Noticed Terence
   702 | D:2      | Noticed Ijyb
   718 | D:2      | Killed from afar by Terence

Vault maps used:
D:1:      minmay_arrival_up_and_down, minmay_vboxes
D:2:      old_standard_altar, minmay_misc_feat_nine_boxes, minmay_fountain_box,
          dk_noncrumbling_2, uniq_terence, uniq_natasha, uniq_iyjb

Action                   || total
-------------------------++-------
Melee: Unarmed           ||    57
 Stab: Sleeping          ||     4
  Eat: Chunk             ||     3

Vault maps used:
D:1:      minmay_arrival_up_and_down, minmay_vboxes
D:2:      old_standard_altar, minmay_misc_feat_nine_boxes, minmay_fountain_box,
          dk_noncrumbling_2, uniq_terence, uniq_natasha, uniq_iyjb

Table legend:
 A = Turns spent in this place as a percentage of turns spent in the entire game.
 B = Non-inter-level travel turns spent in this place as a percentage of non-inter-level travel turns spent in the entire game.
 C = Inter-level travel turns spent in this place as a percentage of turns spent in this place.
 D = Turns resting spent in this place as a percentage of non-inter-level travel turns spent in this place.
 E = Turns spent auto-exploring this place as a percentage of non-inter-level travel turns spent in this place.
 F = Non-inter-level travel turns spent in this place divided by the number of levels of this place that you've seen.
                   A       B       C       D       E      F
               +-------+-------+-------+-------+-------+----------------------
         Total | 100.0 | 100.0 |   0.9 |   0.0 |  17.4 | 109.0
       Dungeon | 100.0 | 100.0 |   0.9 |   0.0 |  17.4 | 109.0
               +-------+-------+-------+-------+-------+----------------------

Table legend:
 A = Kills in this place as a percentage of kills in entire the game.
 B = Kills by you in this place as a percentage of kills by you in the entire game.
 C = Kills by friends in this place as a percentage of kills by friends in the entire game.
 D = Other kills in this place as a percentage of other kills in the entire game.
 E = Experience gained in this place as a percentage of experience gained in the entire game.
 F = Experience gained in this place divided by the number of levels of this place that you have seen.
                   A       B       C       D       E      F
               +-------+-------+-------+-------+-------+----------------------
         Total | 100.0 | 100.0 |  -nan |  -nan | 100.0 |  19.5
       Dungeon | 100.0 | 100.0 |  -nan |  -nan | 100.0 |  19.5
               +-------+-------+-------+-------+-------+----------------------
